[Event "*** MasterClass Titled Tuesday Blitz"]
[Site "Chess.com"]
[Date "2017.11.07"]
[Round "7"]
[White "twitchTriniCupid"]
[Black "BergenChessAcademy"]
[Result "0-1"]
[WhiteElo "2083"]
[BlackElo "1797"]
[TimeControl "180+2"]
[EndTime "15:39:22 PST"]
[Termination "BergenChessAcademy won by resignation"]

1. d4 f5 2. Bg5 Nf6 3. Bxf6 exf6 4. e3 d5 5. c4 c6 6. Nc3 Bd6 7. cxd5 O-O 8. Qb3 Kh8 9. Nf3 cxd5 10. Qxd5 f4 11.
e4 Bb4 12. Qxd8 Rxd8 13. a3 Ba5 14. b4 Bb6 15. Nd5 Nc6 16. Rd1 Be6 17. Bc4 Bg8 18. O-O Bxd5 19. Bxd5 Rd7 20. Be6 Rd6 21. d5 Ne5 22.
Nxe5 fxe5 23. Rd3 a5 24. b5 Bc5 25. a4 b6 26. g3 g5 27. Kg2 Rad8 28. Rfd1 Kg7 29. h4 h6 30. hxg5 hxg5 31. gxf4 gxf4 32. Kf3 Kf6 33. Bf5 Rh8 34. Rg1 Kf7 35. Rg2 Rdh6 36. Rd1 Rh3+ 37. Bxh3 Rxh3+ 38. Kg4 Ra3 39. f3 Rxa4 40.
d6 Rd4 41. Rxd4 Bxd4 42. Rd2 Ke6 43. Rc2 Kxd6 44. Rc6+ Kd7 45. Rc4 Kd6 46. Rc6+ Kd7 47. Kf5 a4 48. Rc4 a3 49. Ra4 Bb2 50. Ra6 Kd6 51.
Rxb6+ Kc5 52. Ra6 Kxb5 53. Ra8 Kc4 54. Ke6 Kd3 55. Rb8 a2 56. Rxb2 a1=Q 57. Rb5 Qa6+ 0-1

[Event "*** MasterClass Titled Tuesday Blitz"]
[Site "Chess.com"]
[Date "2017.11.07"]
[Round "7"]
[White "chesssharkattack"]
[Black "IamSchrodingersCat"]
[Result "1-0"]
[WhiteElo "2394"]
[BlackElo "2415"]
[TimeControl "180+2"]
[EndTime "15:39:28 PST"]
[Termination "chesssharkattack won by resignation"]

1. e4 c5 2. Nf3 d6 3. Bb5+ Nc6 4. O-O Bd7 5. Bxc6 Bxc6 6. Re1 e5 7. c3 g5 8. d4 g4 9. Ng5 h6 10. Qxg4 hxg5 11. Bxg5 Be7 12. Bc1 Nf6 13. Qf5 Qd7 14. dxe5 dxe5 15. Qxe5 O-O-O 16. Bf4 Bd6 17. Qxf6 Bxf4 18.
Qxf4 Rdg8 19. f3 Qd3 20. Nd2 Qc2 21. b4 c4 22. Rac1 Qxa2 23. Re2 Qa3 24. Nxc4 Qa6 25.
Nd6+ Kb8 26. b5 Qa3 27. bxc6 bxc6 28. Nb5+ Ka8 29. Nxa3 1-0

[Event "*** MasterClass Titled Tuesday Blitz"]
[Site "Chess.com"]
[Date "2017.11.07"]
[Round "7"]
[White "TheMagician"]
[Black "chessking2151"]
[Result "0-1"]
[WhiteElo "2244"]
[BlackElo "2374"]
[TimeControl "180+2"]
[EndTime "15:39:30 PST"]
[Termination "chessking2151 won on time"]

1. e4 e5 2. Nf3 Nc6 3. Bb5 a6 4. Bxc6 dxc6 5. O-O Bg4 6. d3 f6 7. Be3 Ne7 8. Nbd2 Ng6 9. h3 Be6 10. d4 Bd6 11. c3 O-O 12. Qe2 Qe7 13. Rfe1 Rfe8 14.
Nc4 Kh8 15. dxe5 Nxe5 16. Nfxe5 fxe5 17. Nxd6 cxd6 18. c4 Qf7 19. b3 d5 20. exd5 cxd5 21. cxd5 Bxd5 22. Red1 Bc6 23. Rd6 Rad8 24. Rad1 Rxd6 25.
Rxd6 h6 26. Bd2 Qe7 27. Bb4 Qg5 28. g3 Qf5 29. g4 Qf4 30. Bd2 Qf8 31. Qd3 Be4 0-1

[Event "*** MasterClass Titled Tuesday Blitz"]
[Site "Chess.com"]
[Date "2017.11.07"]
[Round "7"]
[White "michaelq2d5"]
[Black "dretch"]
[Result "1-0"]
[WhiteElo "2638"]
[BlackElo "2583"]
[TimeControl "180+2"]
[EndTime "15:39:32 PST"]
[Termination "michaelq2d5 won by resignation"]

1. d4 d5 2. c4 c6 3. Nc3 Nf6 4. e3 e6 5. Nf3 Nbd7 6. Qc2 b6 7.
Bd3 Bb7 8. O-O Be7 9. b3 O-O 10. Bb2 Qc7 11. Rad1 Rad8 12. Ne5 dxc4 13. bxc4 c5 14.
Nxd7 Qxd7 15. d5 a6 16. Ne4 Nxe4 17. Bxe4 exd5 18. Bxh7+ Kh8 19. cxd5 Bxd5 20. Bf5 Qc6 21. Qe2 Qh6 22. e4 Bb7 23. Bc1 Bg5 24. f4 Be7 25.
Rxd8 Rxd8 26. Rf3 Qd6 27. Rd3 Qf6 28. Bb2 Rd4 29. Bxd4 cxd4 30. Qh5+ Qh6 31. Qxf7 1-0

[Event "*** MasterClass Titled Tuesday Blitz"]
[Site "Chess.com"]
[Date "2017.11.07"]
[Round "7"]
[White "Zufi1811"]
[Black "MartinZumsande"]
[Result "1-0"]
[WhiteElo "2438"]
[BlackElo "2430"]
[TimeControl "180+2"]
[EndTime "15:39:36 PST"]
[Termination "Zufi1811 won by checkmate"]

1. e4 e6 2. d4 d5 3. Nc3 Nf6 4.
e5 Nfd7 5. Nce2 c5 6. c3 Nc6 7.
Nf3 Qb6 8. a3 a5 9. Nf4 cxd4 10.
cxd4 a4 11. h4 Ra7 12. Rh3 Na5 13. Be2 Nb3 14. Rb1 Nb8 15. Be3 Bd7 16. Kf1 Bb5 17. Kg1 Nc6 18. Rg3 Ra8 19. Nh5 Bxe2 20. Qxe2 Qa6 21.
Qd1 Nca5 22. Nxg7+ Bxg7 23. Rxg7 Nc4 24. Ng5 Rf8 25.
Nxh7 Rh8 26. Nf6+ Ke7 27. Bg5 Qa7 28. Qf3 Kf8 29. Nd7+ Kxg7 30. Bf6+ Kg6 31. Qg4+ Kh7 32. Qg7# 1-0

[Event "*** MasterClass Titled Tuesday Blitz"]
[Site "Chess.com"]
[Date "2017.11.07"]
[Round "7"]
[White "rpragchess"]
[Black "viggi38"]
[Result "1-0"]
[WhiteElo "2278"]
[BlackElo "2213"]
[TimeControl "180+2"]
[EndTime "15:39:43 PST"]
[Termination "rpragchess won on time"]

1. e4 e6 2. d3 c5 3. Nf3 Nc6 4.
g3 g6 5. d4 d6 6. d5 exd5 7.
exd5 Nce7 8. Bg2 Bg7 9. O-O Nf6 10. c4 O-O 11. h3 Bd7 12. Nc3 a6 13. Bf4 Ne8 14. a4 h6 15. Nd2 g5 16. Be3 Nf5 17. Re1 Qa5 18. Nde4 Nxe3 19. Rxe3 f5 20. Nd2 Qb4 21.
Qc2 Bd4 22. Re7 Nf6 23. a5 Rae8 24. Rxd7 Nxd7 25. Ra4 Bxc3 26. Rxb4 Bxb4 27. Nf1 Re5 28.
Ne3 Bxa5 29. Qa4 Bd2 30. Qxd7 Bxe3 31. fxe3 Rxe3 32. Qxd6 Kg7 33. Qc7+ Rf7 34. Qxc5 f4 35. gxf4 gxf4 36. Kf2 Re8 37. Qd4+ Kg8 38. d6 f3 39. Bf1 1-0

[Event "*** MasterClass Titled Tuesday Blitz"]
[Site "Chess.com"]
[Date "2017.11.07"]
[Round "7"]
[White "Tobi-Wan-Kenobi"]
[Black "MagnusCarlsen"]
[Result "0-1"]
[WhiteElo "2494"]
[BlackElo "3036"]
[TimeControl "180+2"]
[EndTime "15:39:53 PST"]
[Termination "MagnusCarlsen won by resignation"]

1. d4 Nf6 2. c4 e6 3. Nf3 b6 4. g3 Bb7 5. Bg2 Bb4+ 6. Bd2 a5 7. O-O O-O 8. Bg5 Be7 9. Nc3 Ne4 10.
Nxe4 Bxe4 11. Bxe7 Qxe7 12. Qd2 d6 13. Rac1 Nd7 14.
Rfd1 f5 15. Qe3 Rae8 16. b3 h6 17. Nh4 Qf7 18. f3 Bb7 19. f4 Bxg2 20. Kxg2 Nf6 21. Nf3 Qh5 22. h3 Qg6 23. c5 Ne4 24. Nh4 Qf7 25. cxb6 cxb6 26. Nf3 Qb7 27. Kh2 Nf6 28. Rc2 Nd5 29. Qd2 Rc8 30. Rdc1 Nf6 31. Qe3 Kf7 32.
Kg1 Rxc2 33. Rxc2 Rc8 34. Rc4 b5 35. Rxc8 Qxc8 36. Qd2 b4 37. Ne1 Ne4 38. Qe3 Qc3 39.
Nd3 Qa1+ 40. Kg2 Qxa2 41. d5 exd5 42. g4 d4 43. Qf3 g6 44. gxf5 gxf5 45. Qh5+ Kg7 46.
Nf2 Qxb3 47. Nxe4 Qd5 48. Kf2 Qxe4 49. Qh4 b3 50. Qg3+ Kf6 51. Qh4+ Kg6 52. Qg3+ Kh5 53. Qxb3 Qe3+ 54. Kg2 Qxb3 0-1

[Event "*** MasterClass Titled Tuesday Blitz"]
[Site "Chess.com"]
[Date "2017.11.07"]
[Round "7"]
[White "Margency"]
[Black "aa175"]
[Result "1-0"]
[WhiteElo "2510"]
[BlackElo "1863"]
[TimeControl "180+2"]
[EndTime "15:39:54 PST"]
[Termination "Margency won by checkmate"]

1. e4 e5 2. Nf3 Nc6 3. Bc4 Bc5 4.
d3 d6 5. O-O h6 6. c3 Nf6 7.
Bb3 a6 8. Re1 Bg4 9. Nbd2 O-O 10. h3 Bh5 11. Nf1 d5 12. Ng3 dxe4 13. Nxh5 exf3 14. Qxf3 Nxh5 15. Qxh5 Qxd3 16. Rd1 Qe4 17. Bd5 Qc2 18. Rd2 Qa4 19. b4 Ba7 20. Bb3 Qb5 21.
Rd5 g6 22. Qf3 e4 23. Qg4 Ne5 24. Qxe4 Qb6 25. Be3 Qf6 26. Rxe5 Bxe3 27. Qxe3 Kg7 28. Rd1 c6 29. Rd7 Rad8 30. Ree7 Rxd7 31. Rxd7 Qf5 32. Qd4+ Kg8 33. h4 Qb1+ 34. Kh2 Qc1 35. g3 b5 36. Kg2 Qb1 37. Re7 Qb2 38. Qf6 Qb1 39. Bxf7+ Kh7 40. Bxg6+ Kg8 41. Qg7# 1-0

[Event "*** MasterClass Titled Tuesday Blitz"]
[Site "Chess.com"]
[Date "2017.11.07"]
[Round "7"]
[White "Alexander_Donchenko"]
[Black "GM_dmitrij"]
[Result "0-1"]
[WhiteElo "2652"]
[BlackElo "2629"]
[TimeControl "180+2"]
[EndTime "15:40:03 PST"]
[Termination "GM_dmitrij won by resignation"]

1. d4 d5 2. c4 c6 3. Nf3 Nf6 4. Qc2 dxc4 5. Qxc4 Bf5 6. g3 e6 7.
Bg2 Be7 8. O-O O-O 9. e3 Nbd7 10. Qe2 Ne4 11. Nfd2 Ndf6 12. Nc3 Nxc3 13. bxc3 Bg6 14. e4 c5 15. Qe3 cxd4 16. cxd4 e5 17. dxe5 Ng4 18.
Qf4 Nxe5 19. Nb3 Nd3 20. Qe3 Nxc1 21. Raxc1 a5 22. f4 a4 23. Nd4 Qb6 24. f5 Bh5 25. h3 f6 26. Rb1 Qa7 27. e5 Bc5 28. Bd5+ Kh8 29. Rf4 fxe5 30. Qxe5 Rae8 31. Be6 Rd8 32. f6 Bxd4+ 33. Rxd4 Qxd4+ 34. Qxd4 Rxd4 0-1

[Event "*** MasterClass Titled Tuesday Blitz"]
[Site "Chess.com"]
[Date "2017.11.07"]
[Round "7"]
[White "tango_argentino"]
[Black "Robin-Side"]
[Result "1-0"]
[WhiteElo "2506"]
[BlackElo "2598"]
[TimeControl "180+2"]
[EndTime "15:40:05 PST"]
[Termination "tango_argentino won on time"]

1. e4 g6 2. d4 Bg7 3. Nc3 e6 4. f4 Ne7 5. Nf3 d5 6. Be3 dxe4 7. Nxe4 Nd5 8. Qd2 O-O 9. O-O-O Nxe3 10. Qxe3 b6 11.
h4 Bb7 12. h5 Nd7 13. hxg6 hxg6 14. Nfg5 Re8 15. Nxf7 Kxf7 16. Ng5+ Kg8 17. Qh3 Nf8 18. c3 Qf6 19. g3 Bxh1 20. Qxh1 Rad8 21. Bc4 c5 22. d5 Rd6 23. Ne4 Qe7 24. Nxd6 Qxd6 25. dxe6 Qe7 26. Rd7 Qf6 27. Rf7 Nxe6 28. Rxf6 Bxf6 29.
Qb7 Re7 30. Qc8+ Kf7 31. g4 Kg7 32. Bxe6 1-0

[Event "*** MasterClass Titled Tuesday Blitz"]
[Site "Chess.com"]
[Date "2017.11.07"]
[Round "7"]
[White "PenguinPacks"]
[Black "pandamaster3000"]
[Result "1-0"]
[WhiteElo "2193"]
[BlackElo "2279"]
[TimeControl "180+2"]
[EndTime "15:40:09 PST"]
[Termination "PenguinPacks won by checkmate"]

1. e4 e6 2. d4 d5 3. Nc3 Nf6 4. e5 Nfd7 5. f4 c5 6. Nf3 Nc6 7. Be3 a6 8. Qd2 b5 9. a3 cxd4 10. Nxd4 Nxd4 11. Bxd4 Bc5 12. Ne2 Qb6 13. b4 Bxd4 14.
Nxd4 O-O 15. c3 f6 16. Qe3 Bb7 17. Bd3 Rac8 18. O-O f5 19. Rac1 Rfe8 20. Kh1 Rc7 21. Rg1 Rec8 22. Bb1 Nb8 23. g4 fxg4 24. Rxg4 Nc6 25.
Qh3 g6 26. Bxg6 hxg6 27. Rxg6+ Rg7 28. Rxg7+ Kxg7 29. Rg1+ Kf8 30. Qh6+ Ke8 31. Rg8+ Kd7 32. Qxe6+ Kc7 33. Qd6# 1-0

[Event "*** MasterClass Titled Tuesday Blitz"]
[Site "Chess.com"]
[Date "2017.11.07"]
[Round "7"]
[White "PositionalGenius"]
[Black "Hasangatin_Ramil"]
[Result "0-1"]
[WhiteElo "2401"]
[BlackElo "2452"]
[TimeControl "180+2"]
[EndTime "15:40:11 PST"]
[Termination "Hasangatin_Ramil won by resignation"]

1. e4 d5 2. exd5 Qxd5 3. Nc3 Qd6 4. d4 Nf6 5. Nf3 c6 6. Ne5 Nbd7 7. Nc4 Qc7 8. Qf3 Nb6 9. Bf4 Qd8 10. Ne5 Be6 11. O-O-O Nbd5 12. Bg3 Qa5 13. Bc4 Nxc3 14. Qxc3 Qxc3 15.
bxc3 Bxc4 16. Nxc4 Nd5 17. Kd2 e6 18. Na5 O-O-O 19.
Rb1 Nb6 20. Kd3 Rd5 21. Nc4 Nxc4 22. Kxc4 Bd6 23. Bxd6 Rxd6 24. Rb3 Rhd8 25. Re1 Rd5 26. Ra3 a6 27. Rb3 Kc7 28. g3 Ra5 29. Rb2 b5+ 30.
Kd3 Ra4 31. f4 Rd5 32. Re5 Kd6 33. Ke4 f6 34. Rxd5+ exd5+ 35. Kd3 h5 36. h3 Ra3 37. g4 h4 38. Kd2 a5 39. f5 Kd7 40. Kd3 Ke7 41.
Kd2 Kf7 42. Kd3 Kg8 43. Kd2 Kh7 44. Kd3 Kh6 45. Kd2 Kg5 46. Rb1 b4 47. Rb3 Rxb3 48. cxb3 Kf4 49. cxb4 axb4 0-1

[Event "*** MasterClass Titled Tuesday Blitz"]
[Site "Chess.com"]
[Date "2017.11.07"]
[Round "7"]
[White "hypert"]
[Black "Too_Stupid_To_Play"]
[Result "0-1"]
[WhiteElo "2326"]
[BlackElo "2210"]
[TimeControl "180+2"]
[EndTime "15:40:13 PST"]
[Termination "Too_Stupid_To_Play won on time"]

1. e4 c5 2. Nf3 d6 3. Bb5+ Bd7 4. Bxd7+ Qxd7 5. O-O Nc6 6. c4 Nf6 7. Nc3 g6 8. d4 cxd4 9. Nxd4 Bg7 10. Nde2 O-O 11.
f3 Rac8 12. Be3 Ne5 13. b3 a6 14. Rc1 b5 15. cxb5 axb5 16. a3 Qb7 17. Nd4 b4 18. axb4 Qxb4 19. Qd2 Rfe8 20. h3 Ned7 21. Nce2 Rb8 22. Qxb4 Rxb4 23. Bd2 Rb6 24. Ba5 Rb7 25. b4 Ne5 26. Nc6 Bh6 27. f4 Nxc6 28. Rxc6 Nxe4 29. Rb1 Ra8 30. g4 Rxa5 31. Rc4 Nd2 32. Rc8+ Bf8 33. Rd1 Ra2 34. Nc3 Rc2 35. Kf2 Rxc3 0-1

[Event "*** MasterClass Titled Tuesday Blitz"]
[Site "Chess.com"]
[Date "2017.11.07"]
[Round "7"]
[White "tigra"]
[Black "Swarnapuri"]
[Result "1-0"]
[WhiteElo "2660"]
[BlackElo "2497"]
[TimeControl "180+2"]
[EndTime "15:40:32 PST"]
[Termination "tigra won by resignation"]

1. e4 Nc6 2. d4 e5 3. d5 Nce7 4.
a3 Ng6 5. Be3 Nf6 6. f3 Be7 7.
c4 O-O 8. Nc3 d6 9. g3 h6 10. Qd2 Nh7 11. h4 f5 12. exf5 Bxf5 13. O-O-O c5 14. Rh2 a6 15. Bd3 Bxd3 16. Qxd3 Qe8 17.
Ne4 b5 18. Rf2 Rb8 19. Ne2 b4 20. axb4 Rxb4 21. N2c3 Nf6 22. Bd2 Nd7 23. Kc2 Qf7 24.
Ra1 Rfb8 25. Nd1 Rb3 26. Qxb3 Rxb3 27. Kxb3 Qe8 28. Ndc3 Nb6 29. Rxa6 Qb8 30. Nb5 Nxd5 31. Ba5 Nf8 32. Nxd6 Nf6 33. Bc7 Bxd6 34. Bxb8 Bxb8 35. Rd2 N6d7 36. Rc6 e4 37. f4 Kf7 38. Nd6+ Ke7 39. Nxe4 Ne6 40. Kc3 Bc7 41. b4 cxb4+ 42. Kxb4 Nb8 43.
Kb5 1-0

[Event "*** MasterClass Titled Tuesday Blitz"]
[Site "Chess.com"]
[Date "2017.11.07"]
[Round "7"]
[White "Aygehovit1992"]
[Black "GrigorGrigorov"]
[Result "0-1"]
[WhiteElo "2528"]
[BlackElo "2629"]
[TimeControl "180+2"]
[EndTime "15:40:37 PST"]
[Termination "GrigorGrigorov won on time"]

1. e4 c5 2. Nf3 d6 3. d4 cxd4 4. Nxd4 Nf6 5. Nc3 a6 6. h3 e5 7. Nde2 h5 8. Bg5 Be6 9. Bxf6 Qxf6 10. Nd5 Qd8 11. Qd3 Nd7 12. O-O-O g6 13. Nec3 Bh6+ 14. Kb1 Nc5 15. Qf3 b5 16. a3 Rb8 17. g4 h4 18.
Nb4 Rb6 19. Ncd5 Bxd5 20. Nxd5 Rb7 21. Be2 Bg5 22. Qc3 O-O 23. f4 exf4 24. e5 Ne4 25. Qf3 Ng3 26. Rhe1 dxe5 27. Nxf4 Rd7 28. Nd5 e4 29.
Qb3 Re8 30. a4 Nxe2 31. Rxe2 Re5 32. axb5 axb5 33. c4 bxc4 34. Qxc4 e3 0-1

[Event "*** MasterClass Titled Tuesday Blitz"]
[Site "Chess.com"]
[Date "2017.11.07"]
[Round "7"]
[White "hansen"]
[Black "Sam_ChessMood"]
[Result "1-0"]
[WhiteElo "2585"]
[BlackElo "2625"]
[TimeControl "180+2"]
[EndTime "15:40:43 PST"]
[Termination "hansen won by resignation"]

1. e4 c5 2. Nf3 d6 3. Bc4 Nf6 4. d3 Nc6 5. h3 e6 6. O-O Be7 7. a3 O-O 8. Re1 a6 9. Nc3 b5 10. Ba2 Bb7 11. Ne2 Rc8 12. Ng3 d5 13. e5 Nd7 14.
Nh5 Re8 15. Bf4 g6 16. Ng3 Bf8 17. c3 Bg7 18. d4 cxd4 19. cxd4 Na5 20. h4 Nc4 21. Re2 a5 22. h5 b4 23. axb4 axb4 24. Ng5 h6 25. Nf3 g5 26. Bc1 Ra8 27. b3 Na3 28. Nh2 Nb5 29. Bb2 f5 30. exf6 Qxf6 31. Ng4 Qf4 32. Re3 Nxd4 33. Nxh6+ Kh7 34. Ng4 e5 35.
Bb1+ Kg8 36. Rxa8 Bxa8 37. Bxd4 1-0

[Event "*** MasterClass Titled Tuesday Blitz"]
[Site "Chess.com"]
[Date "2017.11.07"]
[Round "7"]
[White "Vrolijk"]
[Black "wanyaland"]
[Result "0-1"]
[WhiteElo "2476"]
[BlackElo "2271"]
[TimeControl "180+2"]
[EndTime "15:40:52 PST"]
[Termination "wanyaland won by resignation"]

1. c4 c5 2. Nf3 Nc6 3. Nc3 g6 4. e3 Bg7 5. d4 Nf6 6. d5 Na5 7. Be2 d6 8. h3 O-O 9. O-O a6 10. e4 e6 11. Rb1 exd5 12. exd5 Bf5 13. Bd3 Bxd3 14. Qxd3 Rb8 15. a3 Rc8 16. Bf4 Qd7 17. Nd2 b6 18. b4 cxb4 19. axb4 Nb7 20. Na4 Qxa4 21. Nf3 a5 22. Nd4 axb4 23. Nc6 Nc5 24. Qf3 Nfe4 25. Rxb4 Qa6 26. Ne7+ Kh8 27. Nxc8 Qxc8 28. Rxb6 Qc7 29. Rc6 Qd7 30. Re1 f5 31.
Bxd6 Nxd6 32. Rxc5 Qa7 33. Rc6 Ne4 34. c5 Kg8 35.
Qd3 Qa2 36. Rf1 Qa4 37. d6 Qxc6 38. Qc4+ Kh8 39. Rb1 Qxc5 40. Qe2 Qxd6 41. g3 Bd4 42. Kg2 Bxf2 43. Qb2+ Bd4 44. Qb3 0-1

[Event "*** MasterClass Titled Tuesday Blitz"]
[Site "Chess.com"]
[Date "2017.11.07"]
[Round "7"]
[White "MateusViageiro"]
[Black "AttilaTurzo"]
[Result "0-1"]
[WhiteElo "2266"]
[BlackElo "2379"]
[TimeControl "180+2"]
[EndTime "15:40:54 PST"]
[Termination "AttilaTurzo won by resignation"]

1. e4 c5 2. Nf3 g6 3. g3 Nc6 4. Bg2 Bg7 5. O-O e5 6. d3 Nge7 7. Nbd2 O-O 8. Nc4 d5 9. exd5 Nxd5 10. Re1 f6 11. a4 Be6 12. Ncd2 Qd7 13. Ne4 b6 14. a5 Ndb4 15. axb6 axb6 16. Rxa8 Rxa8 17. Nc3 h6 18. Nh4 Kh7 19. Be3 g5 20. Nf3 f5 21.
Nb5 Nd5 22. Bxg5 hxg5 23. Nxg5+ Kg6 24. Nxe6 Qxe6 25. Bxd5 Qxd5 26. Nc7 Qd8 27. Nxa8 Qxa8 28. Qf3 Qc8 29. c3 Qd7 30. Ra1 Na5 31. b4 cxb4 32. g4 bxc3 33. Ra4 c2 34. gxf5+ Qxf5 35. Qe3 Qg5+ 36.
Qxg5+ Kxg5 37. Ra1 Nb3 38. Rf1 c1=Q 39. Rxc1 Nxc1 0-1

[Event "*** MasterClass Titled Tuesday Blitz"]
[Site "Chess.com"]
[Date "2017.11.07"]
[Round "7"]
[White "Rodalquilar"]
[Black "Ilja_Semjonovs"]
[Result "0-1"]
[WhiteElo "2495"]
[BlackElo "2386"]
[TimeControl "180+2"]
[EndTime "15:40:54 PST"]
[Termination "Ilja_Semjonovs won on time"]

1. e4 e5 2. Nf3 Nc6 3. Bb5 a6 4.
Ba4 Nf6 5. d3 b5 6. Bb3 Be7 7. O-O O-O 8. a4 b4 9. a5 d6 10. Nbd2 Be6 11. Bc4 Qe8 12. Re1 h6 13. h3 Qd7 14. Nf1 Bxc4 15. dxc4 Rfe8 16. Qd3 Nd8 17. Ne3 Ne6 18. Nd5 Nc5 19. Nxf6+ Bxf6 20. Qe2 Qe7 21. b3 Ne6 22. Bb2 c5 23. Qd3 Nd4 24. Nh2 Rad8 25. Nf1 Bg5 26. g3 h5 27.
h4 Bxh4 28. gxh4 Qxh4 29. Bxd4 cxd4 30. Ng3 Qg5 31. Qf3 h4 32. Qh5 Qxh5 33. Nxh5 Re6 34. Kh2 Rh6 35. Nxg7 Kxg7 36. Ra4 Rb8 37. Rg1+ Kf6 38.
Rg3 hxg3+ 0-1

[Event "*** MasterClass Titled Tuesday Blitz"]
[Site "Chess.com"]
[Date "2017.11.07"]
[Round "7"]
[White "Krasimir_Rusev"]
[Black "wonderfultime"]
[Result "0-1"]
[WhiteElo "2580"]
[BlackElo "2756"]
[TimeControl "180+2"]
[EndTime "15:41:02 PST"]
[Termination "wonderfultime won by checkmate"]

1. d4 d5 2. Bf4 Nf6 3. e3 c5 4. Nf3 Nc6 5. Nbd2 e6 6. c3 cxd4 7. cxd4 Nh5 8. Be5 f6 9. Bg3 Nxg3 10. hxg3 f5 11. a3 Bd6 12. Bd3 O-O 13. b4 a6 14.
Nb3 Qf6 15. Rc1 a5 16. b5 Ne7 17. a4 b6 18. g4 h6 19. gxf5 exf5 20. g3 Bd7 21.
Kf1 Ng6 22. Bb1 Rae8 23. Nbd2 Kh8 24. Qc2 Re4 25. Qb3 Ne7 26. Kg2 Be6 27. Qb2 Bd7 28. Bd3 Ng6 29. Bb1 Ree8 30. Qb3 Qe6 31. Rh5 f4 32. Qxd5 fxe3 33. Qxe6 Rxe6 34. Nc4 Ref6 35. Be4 Bg4 36. Rd5 Bxf3+ 37. Bxf3 Rxf3 38. fxe3 Rxg3+ 39. Kh2 Rf2+ 40. Kh1 Nh4 41. Nxd6 Rh3+ 42. Kg1 Rg2+ 43. Kf1 Rh1# 0-1

[Event "*** MasterClass Titled Tuesday Blitz"]
[Site "Chess.com"]
[Date "2017.11.07"]
[Round "7"]
[White "ChristopherYoo"]
[Black "thegreendog"]
[Result "1-0"]
[WhiteElo "2269"]
[BlackElo "2339"]
[TimeControl "180+2"]
[EndTime "15:41:07 PST"]
[Termination "ChristopherYoo won by resignation"]

1. e4 c5 2. Nf3 d6 3. d4 cxd4 4. Nxd4 Nf6 5. Nc3 g6 6. Be3 Bg7 7. f3 Nc6 8. Bc4 O-O 9. Qd2 Bd7 10. h4 Rc8 11. Bb3 Ne5 12. O-O-O h5 13. Kb1 Nc4 14.
Bxc4 Rxc4 15. Nb3 a5 16. e5 dxe5 17. Nc5 Rxc5 18. Bxc5 Qc7 19. Bxe7 Bf5 20. Bxf8 Bxf8 21. Rhe1 Nd7 22. Ne4 Be6 23. Qc3 Qb6 24. a3 Be7 25. Rxd7 Bxd7 26. Qxe5 Bxh4 27. Rd1 Bf5 28. Qd4 Qc6 29.
Nc3 Bf6 30. Qd6 Bxc3 31. Qxc6 bxc6 32. bxc3 Be6 33. Rd6 Bd5 34. c4 Bxc4 35. Rxc6 Bf1 36. g3 Bg2 37. Rc8+ Kg7 38. f4 a4 39. Rc4 f6 40.
Rxa4 g5 41. fxg5 fxg5 42. Rb4 Kf6 43. a4 g4 44. Rb5 Kg6 45. a5 Bf1 46. Rc5 h4 47.
gxh4 g3 48. Rg5+ Kh6 49. Rxg3 1-0

[Event "*** MasterClass Titled Tuesday Blitz"]
[Site "Chess.com"]
[Date "2017.11.07"]
[Round "7"]
[White "VerdeNotte"]
[Black "nubair1198"]
[Result "0-1"]
[WhiteElo "2651"]
[BlackElo "2559"]
[TimeControl "180+2"]
[EndTime "15:41:11 PST"]
[Termination "nubair1198 won by resignation"]

1. e4 c6 2. c4 d5 3. exd5 cxd5 4. d4 Nf6 5. Nc3 Nc6 6. Nf3 Bg4 7. cxd5 Nxd5 8. Qb3 Bxf3 9. gxf3 e6 10. Qxb7 Nxd4 11.
Bb5+ Nxb5 12. Qc6+ Ke7 13. Qxb5 Qd7 14. Nxd5+ Qxd5 15. Qxd5 exd5 16. Be3 Ke6 17. Rc1 Bb4+ 18. Ke2 Rhc8 19. Kd3 a5 20. Rhg1 g6 21. a3 Bd6 22.
h3 Rxc1 23. Rxc1 Rb8 24. Bd4 Rb3+ 25. Bc3 Bc5 26. Kc2 a4 27. Re1+ Kd7 28. Re5 Kd6 29. Re8 Rb7 30. Be5+ Kd7 31. Ra8 Ra7 32. Rxa7+ Bxa7 33. b3 axb3+ 34. Kxb3 Bxf2 35. Kc3 Kc6 36. Bd4 Be1+ 37.
Kb3 h5 38. a4 f5 39. Kc2 Bb4 40. Kd3 g5 41. Ke3 Bc5 42. a5 g4 43. fxg4 fxg4 44. hxg4 Bxd4+ 45. Kxd4 hxg4 46. Ke3 Kb5 47. Kf4 Kxa5 48. Kxg4 Kb4 49. Kf3 Kc3 50. Ke2 d4 51. Kd1 Kd3 0-1

[Event "*** MasterClass Titled Tuesday Blitz"]
[Site "Chess.com"]
[Date "2017.11.07"]
[Round "7"]
[White "ValeriyGrinev"]
[Black "Mistheoretical"]
[Result "0-1"]
[WhiteElo "2432"]
[BlackElo "2306"]
[TimeControl "180+2"]
[EndTime "15:41:21 PST"]
[Termination "Mistheoretical won by resignation"]

1. d4 Nf6 2. c4 Nc6 3. Nf3 e6 4. a3 d6 5. Nc3 g6 6. e4 Bg7 7. d5 Ne5 8. Nxe5 dxe5 9. f3 O-O 10. Be3 a6 11. Be2 Nh5 12. O-O Nf4 13. Rf2 Qe7 14. Bf1 Rd8 15. g3 Nh5 16. Rd2 Bd7 17. c5 Rac8 18. d6 Qe8 19. dxc7 Rxc7 20. b4 Rcc8 21. Qb3 Bc6 22. Rad1 Rxd2 23. Rxd2 Rd8 24. Qd1 Rd4 25. Ne2 Ba4 26. Qc1 Rd8 27. Rxd8 Qxd8 28. Qd2 Qf6 29. Bg2 Bc6 30. Qd6 h6 31. Nc3 g5 32. a4 Nf4 33.
Bf1 Ng6 34. Kg2 Be8 35. b5 axb5 36. Bxb5 Bf8 37. Qb8 Bc6 38. Bxc6 bxc6 39. a5 h5 40. Qb2 g4 41. Qe2 gxf3+ 42. Qxf3 Qd8 43. Qe2 h4 44. a6 Qa5 45. Qb2 Qxa6 46. Qe2 Qa5 47. Qc4 hxg3 48. hxg3 Qa1 49. Bf2 Qb2 50. Kf3 Qc2 51.
Be1 Bh6 52. Bf2 Bd2 53. Be3 Qxc3 54. Qxc3 Bxc3 0-1

[Event "*** MasterClass Titled Tuesday Blitz"]
[Site "Chess.com"]
[Date "2017.11.07"]
[Round "7"]
[White "TijanaBlagojevic"]
[Black "Blitzstream"]
[Result "0-1"]
[WhiteElo "2263"]
[BlackElo "2494"]
[TimeControl "180+2"]
[EndTime "15:41:24 PST"]
[Termination "Blitzstream won by resignation"]

1. e4 d5 2. exd5 Qxd5 3. Nf3 Nc6 4. Be2 Bg4 5. Nc3 Qh5 6. d4 e6 7. O-O Bd6 8. g3 Nf6 9. Nh4 Bxe2 10. Nxe2 g5 11. Ng2 O-O-O 12. f3 Bc5 13. c3 e5 14. b4 Bb6 15. Bb2 e4 16. fxe4 Ng4 17. h4 gxh4 18. Nef4 Qg5 19. gxh4 Qg7 20. a4 a5 21. bxa5 Nxa5 22. Ba3 Ne3 23. Qf3 Nxf1 24. Rxf1 Rhg8 25. Qh3+ Kb8 26. Nd5 Nc4 27. Bb4 Ba7 28. Qh2 Nd6 29.
Nf6 Rh8 30. e5 Nc4 31. Rf3 Nd2 32. Rg3 Qh6 33. Rd3 Ka8 34. Qf4 Qxf4 35. Nxf4 Nc4 36. h5 Nxe5 37. Rg3 Nc6 38. Ba3 Nxd4 39. N6d5 Ne6+ 40.
Kg2 Nxf4+ 41. Nxf4 Rhg8 42. h6 Rxg3+ 43. Kxg3 Be3 44. Be7 Bxf4+ 45. Kxf4 Rg8 46. Bf6 Rg6 47.
Bg7 Ka7 48. Kf5 Ka6 49. Bd4 Ka5 50. Be5 c6 51. Bc7+ Kxa4 52. Be5 b5 53. Bd6 Kb3 54. Bb4 Kc4 55. Ba5 Rxh6 56. Bd8 Rg6 57. Ba5 c5 0-1

[Event "*** MasterClass Titled Tuesday Blitz"]
[Site "Chess.com"]
[Date "2017.11.07"]
[Round "7"]
[White "GeorgMeier"]
[Black "Iball95"]
[Result "1-0"]
[WhiteElo "2680"]
[BlackElo "2582"]
[TimeControl "180+2"]
[EndTime "15:41:24 PST"]
[Termination "GeorgMeier won by resignation"]

1. d4 Nf6 2. c4 e6 3. Nf3 d5 4. g3 Bb4+ 5. Bd2 Be7 6. Bg2 O-O 7. O-O Nbd7 8. Qc2 Ne4 9. Rd1 Nxd2 10. Nbxd2 c6 11. e4 dxe4 12. Nxe4 Qc7 13. Rac1 b6 14. a3 Bb7 15. c5 Nf6 16. Ne5 Nd5 17. b4 b5 18. Nc3 a5 19. Qb3 Bf6 20. Re1 Rfd8 21.
Ne4 Be7 22. h4 axb4 23. axb4 Ra4 24. Nd3 h6 25. Nc3 Nxc3 26. Qxc3 Rda8 27. Ra1 Bf6 28. Ne5 R8a6 29. Rxa4 bxa4 30. Ra1 g6 31. Be4 Kg7 32. Ng4 Be7 33. d5+ e5 34. d6 Bxd6 35. cxd6 Qxd6 36. Nxe5 Qf6 37. Ra3 c5 38. Bxb7 cxb4 39. Qxb4 Rb6 40. Qe4 Qe7 41. Rxa4 Rxb7 42. Qd4 f6 43. Ng4 h5 44.
Ne3 Rd7 45. Qa1 Kh6 46. Ra6 Rd6 47. Qa3 Rd1+ 48. Nxd1 Qe1+ 49. Kg2 Qxd1 50. Qf3 Qd4 51. Qe3+ 1-0